Map: Turbo Cruise '84 LE

Players

ElementEight

  • Race: Protoss Protoss
  • Spawn Location: 3:00

Takker - Winner!

  • Race: Protoss Protoss
  • League: Silver
  • Spawn Location: 7:00

VOD

Have the link to the VOD?

Description

Time

  • Played on: May 27, 2019, 2:25 p.m.
  • Length: 12:32
Show
View Real Time Build Order
Export as new Build Order

ElementEight Protoss 

Build Orders:  

Get SALT Encoding   

  12  0:01  Probe  
  13  0:13  Probe  
  14  0:21  Pylon  
  14  0:32  Probe  
  15  0:41  Gateway  
  15  0:44  Probe  
  16  0:56  Probe  
  17  1:08  Probe  
  18  1:21  Probe  
  18  1:25  Assimilator  
  19  1:27  Assimilator  
  19  1:36  Cybernetics Core  
  19  2:08  Nexus  
  19  2:24  Pylon  
  19  2:32  Warp Gate  
  19  2:39  Stalker  
  19  2:42  Probe  
  22  2:54  Probe  
  23  3:00  Gateway  
  23  3:02  Pylon  
  23  3:05  Probe, Pylon  
  23  3:10  Pylon  
  24  3:14  Probe  
  24  3:16  Assimilator  
  24  3:17  Probe  
  25  3:22  Probe  
  25  3:25  Probe  
  25  3:26  Stalker  
  29  3:33  Probe  
  31  3:34  Probe  
  32  3:45  Twilight Council  
  32  3:46  Probe  
  32  3:47  Pylon  
  33  3:56  Stalker  
  33  4:02  Blink  
  35  4:38  Stalker x2  
  39  4:47  Probe  
  39  4:50  Probe  
  41  4:59  Probe  
  42  5:02  Probe  
  43  5:11  Probe  
  44  5:14  Probe  
  45  5:25  Stalker x2  
  49  5:38  Gateway  
  49  5:39  Gateway  
  49  5:43  Gateway  
  49  5:44  Gateway  
  49  5:45  Gateway  
  49  5:55  Pylon  
  49  5:56  Pylon  
  49  6:02  Probe  
  51  6:04  Probe  
  51  6:09  Assimilator  
  51  6:14  Probe  
  51  6:16  Probe  
  53  6:18  Pylon  
  53  6:25  Forge  
  53  6:26  Probe, Forge  
  54  6:40  Pylon  
  54  6:42  Pylon  
  54  6:45  Pylon  
  54  6:50  Pylon  
  54  6:55  Stalker x2  
  54  6:56  Stalker x4  
  54  6:57  Protoss Ground Weapons Level 1  
  54  6:58  Protoss Ground Armor Level 1  
  54  6:59  Stalker  
  68  7:23  Stalker x6  
  68  7:24  Stalker  
  82  7:41  Nexus  
  82  7:47  Pylon  
  82  8:18  Templar Archives  
  80  9:02  Stalker x2  
  82  9:03  Stalker x3, Protoss Shields Level 1  
  82  9:04  Stalker x2  
  82  9:07  Protoss Ground Armor Level 2  
  94  9:33  Probe  
  94  9:34  Psionic Storm  
  95  9:41  Probe  
  96  9:51  Probe, Robotics Facility  
  97  10:03  Probe  
  98  10:34  High Templar x3  
  98  10:35  High Templar  
  106  11:00  Assimilator  
  106  11:01  Assimilator  
  106  11:07  Observer  
  107  11:20  Stalker x4  
  107  11:21  Stalker x3  
  121  11:27  Warp Prism  
Show
View Real Time Build Order
Export as new Build Order

Takker Protoss - Winner!

Build Orders:  

Get SALT Encoding   

  12  0:00  Probe  
  13  0:08  Probe  
  14  0:24  Pylon  
  14  0:32  Probe  
  15  0:44  Probe  
  15  0:47  Gateway  
  16  0:56  Probe  
  17  1:04  Pylon  
  17  1:05  Probe  
  17  1:11  Pylon  
  18  1:13  Probe  
  19  1:23  Probe  
  20  1:35  Probe  
  21  1:42  Zealot  
  23  1:57  Assimilator  
  23  2:05  Nexus  
  23  2:12  Gateway  
  23  2:27  Probe  
  23  2:34  Zealot  
  23  2:35  Probe  
  27  2:46  Probe  
  28  2:58  Probe  
  29  3:01  Zealot  
  31  3:10  Probe  
  31  3:11  Cybernetics Core  
  32  3:14  Probe  
  32  3:18  Probe  
  33  3:22  Probe  
  33  3:26  Probe  
  35  3:28  Zealot  
  35  3:32  Probe  
  38  3:35  Assimilator  
  38  3:36  Probe  
  38  3:40  Assimilator  
  40  3:44  Probe  
  41  3:48  Zealot  
  43  3:55  Zealot  
  43  3:56  Probe  
  46  4:07  Forge  
  46  4:08  Probe  
  47  4:10  Pylon  
  47  4:15  Stalker, Probe  
  47  4:16  Pylon  
  50  4:18  Pylon  
  50  4:20  Probe  
  50  4:23  Zealot  
  53  4:28  Probe  
  54  4:32  Probe  
  54  4:35  Stargate  
  54  4:36  Stargate  
  55  4:38  Stalker  
  55  4:40  Probe  
  55  4:43  Probe  
  57  4:46  Warp Gate  
  57  4:50  Zealot  
  57  4:51  Probe  
  57  4:52  Probe  
  63  5:04  Probe  
  63  5:05  Stalker  
  64  5:17  Zealot  
  64  5:30  Void Ray  
  68  5:35  Zealot  
  70  5:44  Zealot  
  72  6:03  Zealot  
  74  6:07  Robotics Facility  
  74  6:11  Stalker  
  76  6:12  Pylon  
  76  6:16  Nexus  
  76  6:19  Assimilator  
  76  6:21  Assimilator  
  76  6:30  Stalker  
  78  6:34  Void Ray x2  
  86  6:40  Gateway  
  86  6:42  Gateway  
  86  6:51  Pylon  
  86  6:55  Pylon  
  86  6:58  Pylon  
  86  7:01  Pylon  
  86  7:03  Pylon  
  86  7:09  Stalker, Pylon  
  86  7:12  Pylon  
  88  7:16  Void Ray  
  88  7:17  Void Ray  
  96  7:29  Pylon  
  96  7:32  Probe  
  96  7:36  Probe x2  
  99  7:37  Pylon  
  99  7:41  Protoss Air Weapons Level 1  
  99  7:44  Protoss Ground Weapons Level 1  
  99  7:48  Probe  
  100  8:00  Stalker x2, Probe  
  100  8:04  Void Ray  
  109  8:11  Observer  
  109  8:12  Probe  
  111  8:22  Probe  
  111  8:23  Probe  
  111  8:25  Observer, Probe  
  114  8:31  Probe  
  115  8:38  Probe  
  117  8:47  Stalker x2  
  121  9:13  Stalker  
  123  9:21  Immortal  
  123  9:22  Void Ray x2  
  135  9:28  Zealot x3  
  141  9:47  Twilight Council  
  141  9:53  Probe  
  141  9:54  Protoss Ground Armor Level 1  
  141  9:57  Protoss Air Armor Level 1  
  141  9:59  Void Ray  
  142  10:05  Probe  
  147  10:07  Immortal  
  147  10:17  Probe  
  152  10:26  Void Ray  
  156  10:38  Void Ray  
  160  10:42  Zealot  
  160  10:43  Zealot x3  
  160  10:45  Immortal  
  172  10:55  Nexus  
  172  10:58  Assimilator  
  172  11:01  Assimilator  
  172  11:18  Pylon  
  172  11:28  Pylon  
  172  11:36  Immortal  
  176  11:40  Pylon  
  176  11:45  Pylon  
  176  11:49  Pylon  
  176  11:51  Pylon  
  176  11:53  Pylon  
  176  11:55  Pylon  
  176  11:58  Pylon  
Tags
 
League
Silver
Matchup
PvP
Replay Pack
Up to May 28th
Spawn Locations
Cross Positions
Add a new tag
Caveats
  • Supply blocks, unpowered buildings, or Contaminate may cause inaccurate times.
  • Supply counts are checked every 10 seconds.